 Dungeon Crawl Stone Soup version 0.31-a0-236-g9a0961fb85 (webtiles) character file.

Game seed: 4290837347785162507

114 qw the Shooter (level 4, -4/26 HPs)
             Began as a Gargoyle Hexslinger on July 9, 2023.
             Killed from afar by an orc wizard (6 damage)
             ... with a puff of flame
             ... on level 3 of the Dungeon.
             The game lasted 00:00:38 (1696 turns).

qw the Shooter (Gargoyle Hexslinger)                Turns: 1696, Time: 00:00:38

Health: -4/26      AC:  6    Str: 11    XL:     4   Next: 98%
Magic:  5/5        EV: 11    Int: 14    God:
Gold:   119        SH:  0    Dex: 14    Spells: 4/5 levels left

rFire   . . .        Y - +1 sling
rCold   . . .        (no shield)
rNeg    + . .        d - +0 leather armour
rPois   inf          (no helmet)
rElec   +            (no cloak)
rCorr   .            (no gloves)
SInv    .            (no boots)
Will    .....        (no amulet)
Stlth   +            (no ring)
HPRegen 0.24/turn    (no ring)
MPRegen 0.09/turn

%: no passive effects
@: confused
A: sickness immunity, AC +3, negative energy resistance 1, electricity
resistance, torment resistance 1, petrification resistance
a: no special abilities


You were on level 3 of the Dungeon.
You visited 1 branch of the dungeon, and saw 3 of its levels.

You collected 119 gold pieces.


Innate Abilities, Weirdness & Mutations

You are immune to sickness and miasma.
Your stone body is resilient. (AC +3)
You are immune to poison.
You resist negative energy. (rN+)
You are resistant to electric shocks. (rElec)
You are resistant to unholy torment.
You are immune to petrification.


   Skills:
 - Level 2.0 Fighting
 + Level 4.7 Ranged Weapons
 - Level 1.5 Dodging
 - Level 1.0 Spellcasting
 - Level 2.6 Hexes


You had 4 spell levels left.
You knew the following spells:

 Your Spells              Type           Power      Damage    Failure   Level
a - Slow                  Hex            32%        N/A       12%         1

Your spell library contained the following spells:

 Spells                   Type           Power      Damage    Failure   Level
 Inner Flame              Hex/Fire       4%         N/A       52%         3
 Portal Projectile        Hex/Tloc       8%         N/A       52%         3
 Cause Fear               Hex            4%         N/A       75%         4

Inventory:

Hand Weapons
 Y - a +1 sling (weapon)
Armour
 d - a +0 leather armour (worn)
Potions
 a - a potion of curing {unknown}
 b - a potion of might {unknown}
 g - 2 potions of brilliance {unknown}

Dungeon Overview and Level Annotations

Branches:
Dungeon (3/15)

Altars:


Message History

You shoot a sling bullet. The sling bullet hits the quokka.
You kill the quokka!
The orc priest begins to cast a cantrip, but forgets the words!
You hear some strange, mumbled words.
Something tries to affect you, but you resist.
You shoot a sling bullet. You shoot a sling bullet.
You hear some strange, mumbled words.
A magic dart appears from out of thin air!
The magic dart hits you!
You shoot a sling bullet. The sling bullet hits the orc.
The orc is moderately wounded.
Something hits you but does no damage. The orc hits you but does no damage.
You shoot a sling bullet. The sling bullet barely misses the orc.
Something hits you.
You shoot a sling bullet.
The sling bullet completely misses the orc.
The orc closely misses you. Something hits you but does no damage.
The orc priest hits you but does no damage.
You shoot a sling bullet. The sling bullet hits the orc.
The orc is moderately wounded.
The orc hits you but does no damage. Something hits you.
Something hits you but does no damage.
The orc priest hits you with a +0 dagger.
The orc hits you with a +0 club.
You shoot a sling bullet. The sling bullet hits the orc.
The orc is severely wounded.
Something barely misses you. Something hits you.
The orc priest barely misses you. The orc hits you but does no damage.
You hear some strange, mumbled words.
You are confused.
Something hits you.
The orc priest hits you but does no damage.
The orc hits you but does no damage. Something hits you. Something hits you.
The orc priest barely misses you. The orc hits you but does no damage.
Something hits you but does no damage.
You hear some strange, mumbled words.
A puff of flame appears from out of thin air!
The puff of flame hits you.
You die...

###..............# ~
#....#####....###~~~~
#....# #...%...~~..
#....# #......~~...
#....# #.....~....~
#....#####.....~..~~.
#...............~~...
###..........o....%}~
#............@o...~~)
#.........###{...~...
#.........# #....~..~
###.......# #.....~~.
######### #........
#........ #.###~~~~
### #~~~


You could see an orc priest and an orc.

Vanquished Creatures
  A scorpion (D:3)
  A worm (D:2)
  4 dart slugs (D:2)
  An orc (D:3)
  2 endoplasms
  2 giant cockroaches
  4 goblins
  2 hobgoblins (D:2)
  5 kobolds
  2 quokkas
  5 ball pythons
  6 bats
  5 rats
40 creatures vanquished.

Notes
Turn   | Place    | Note
-------+----------+-------------------------------------------
     0 | D:1      | qw the Gargoyle Hexslinger began the quest for the Orb.
     0 | D:1      | Reached XP level 1. HP: 12/12 MP: 2/2
     0 | D:1      | 0 ||| qw: Version: 0.3-a-51-g015441d
     0 | D:1      | 0 ||| qw: Game counter: 4402
     0 | D:1      | 0 ||| qw: Melee chars always use a shield: true
     0 | D:1      | 0 ||| qw: God list: Okawaru
     0 | D:1      | 0 ||| qw: Allow faded altars: false
     0 | D:1      | 0 ||| qw: Do Orc after clearing Dungeon:15 true
     0 | D:1      | 0 ||| qw: Do second Lair branch before Depths: true
     0 | D:1      | 0 ||| qw: Lair rune preference: random
     0 | D:1      | 0 ||| qw: Goals: Normal
     0 | D:1      | 0 ||| PLANNING D:1-11
   430 | D:1      | Reached XP level 2. HP: 16/16 MP: 3/3
   671 | D:1      | Reached skill level 3 in Ranged Weapons
   707 | D:1      | 707 ||| UPGRADING to +0 leather armour.
   717 | D:1      | 717 ||| DROPPING +0 robe.
   718 | D:1      | 718 ||| READING scroll labelled WESMAXZAOR.
   719 | D:1      | 719 ||| READING scroll labelled IKI NOUTOBBIR.
   720 | D:1      | 720 ||| READING scroll labelled ETTESEKUOR.
   721 | D:1      | 721 ||| DROPPING scroll of poison.
   752 | D:2      | 752 ||| STAIRDANCE
   849 | D:2      | Reached XP level 3. HP: 21/21 MP: 4/4
  1046 | D:2      | 1046 ||| READING scroll labelled OSHRAL OKHLIPI.
  1373 | D:2      | 1373 ||| READING 2 scrolls labelled ABRIFRIWAD.
  1374 | D:2      | 1374 ||| READING scroll labelled ITU VAIBYLIG.
  1375 | D:2      | 1375 ||| READING scroll labelled UPPOAC MAOJO.
  1508 | D:2      | 1508 ||| DROPPING scroll of revelation.
  1527 | D:3      | Noticed a scorpion
  1545 | D:3      | Killed a scorpion
  1546 | D:3      | Reached skill level 4 in Ranged Weapons
  1546 | D:3      | Reached XP level 4. HP: 17/26 MP: 5/5
  1694 | D:3      | HP: 6/26 [something (4)]
  1695 | D:3      | HP: 2/26 [something (3)]
  1696 | D:3      | Killed from afar by an orc wizard

Levels and vault maps discovered:
D:1:      wander_arrival_chamber, layout_loops_corners, minmay_quantized
D:2:      layout_loops_ring, serial_bayou, serial_bayou_shore_a,
          serial_bayou_lake_a, serial_bayou_pond_a, serial_bayou_pond_a
D:3:      cheibrodos_helix_gallery, layout_basic,
          riverfiend_overflow_shadow_ancestor, wad_woods_river_04,
          nicolae_elevator_lobby_plus, uniq_crazy_yiuf_cottage

Skill      XL: |  1  2  3 |
---------------+----------+-----
Ranged Weapons | 3 4 |  4.7
Fighting       | 2 |  2.0
Dodging        | |  1.5
Spellcasting   | |  1.0
Hexes          | |  2.6

Action                     |  1- 3 |  4- 6 || total
---------------------------+-------+-------++-------
   Fire: Sling             |   102 |    15 ||   117
    Use: Scroll            |     7 |       ||     7
 Armour: Robe              |    10 |       ||    10
         Leather armour    |    15 |    13 ||    28
  Dodge: Dodged            |    31 |     4 ||    35

Table legend:
 A = Non-vault XP
 B = Vault XP
 C = Vault XP percentage of total XP
 D = Non-vault monster count
 E = Vault monster count
 F = Vault count percentage of total count
                 A         B        C        D         E       F
            +---------+---------+-------+---------+---------+-------
      Total |     156 |       8 |   4.9 |      35 |       5 |  12.5
            +---------+---------+-------+---------+---------+-------
        D:1 |      16 |       5 |  23.8 |      11 |       3 |  21.4
        D:2 |      46 |       0 |   0.0 |      20 |       0 |   0.0
        D:3 |      94 |       3 |   3.1 |       4 |       2 |  33.3
            +---------+---------+-------+---------+---------+-------
